 Dungeon Sprint DCSS version 0.19.1 (webtiles) character file.

944 KingBobo974 the Cruncher (level 7, -2/50 HPs)
             Began as a Demonspawn Gladiator on Dec 17, 2016.
             Was an Elder of Okawaru.
             Slain by a battleaxe of flaming (25 damage)
             ... in the Dungeon (Sprint V: "Ziggurat Sprint").
             The game lasted 00:04:18 (131 turns).

KingBobo974 the Cruncher (Demonspawn Gladiator)      Turns: 131, Time: 00:04:19

Health: -2/50      AC: 30    Str: 29    XL:     7   Next: 88%
Magic:  7/7        EV: 12    Int:  9    God:    Okawaru [****..]
Gold:   0          SH:  0    Dex: 14    Spells: 0 memorised, 6 levels left

rFire  . . .     SeeInvis .     L - +13 scythe of Curses {drain, *Curse} (curse)
rCold  . . .     Gourm    .     M - +15 Maxwell's patent armour {-Cast -Tele rElec MR+ rCorr}
rNeg   . . .     Faith    .     (shield currently unavailable)
rPois  .         Spirit   .     (helmet restricted)
rElec  +         Reflect  .     (no cloak)
rCorr  +         Harm     .     (no gloves)
MR     +....     NoTele   +     (no boots)
Stlth  .......... NoCast   +    (no amulet)
                                E - +6 ring of strength
                                D - +6 ring of strength

@: no status effects
A: horns 2, iridescent scales 1, nightstalker 2, spiny 1
a: Heroism, Renounce Religion


You were in the Dungeon.
You worshipped Okawaru.
Okawaru was greatly pleased with you.
You were not hungry.

You visited 1 branch

Inventory:

Hand Weapons
 a - a +0 quarterstaff
 K - the +8 lance "Wyrmbane" {slay drac, rPois rF+ rC+ AC+3}
   (You found it in the Dungeon)

   It affects your AC (+3).
   It protects you from fire.
   It protects you from cold.
   It protects you from poison.
 L - the cursed +13 scythe of Curses (weapon) {drain, *Curse}
   (You found it in the Dungeon)

   A truly terrible weapon, it drains the life of those it strikes.
   It may re-curse itself when equipped.
   It has a curse placed upon it.
Missiles
 d - 3 throwing nets (quivered)
Armour
 b - a +0 leather armour
 c - a +0 helmet
 M - the +15 Maxwell's patent armour (worn) {-Cast -Tele rElec MR+ rCorr}
   (You found it in the Dungeon)

   It insulates you from electricity.
   It affects your resistance to hostile enchantments.
   It prevents spellcasting.
   It prevents most forms of teleportation.
   It protects you from acid and corrosion.
 N - the cursed +18 shield of the Gong {rElec rN+ MR+ EV-5}
   (You found it in the Dungeon)

   It affects your evasion (-5).
   It insulates you from electricity.
   It protects you from negative energy.
   It affects your resistance to hostile enchantments.
   It has a curse placed upon it.
Jewellery
 y - a +6 ring of dexterity
 A - a cursed +6 ring of dexterity
 B - a +6 ring of intelligence
 C - a cursed +6 ring of intelligence
 D - a +6 ring of strength (left hand)
 E - a +6 ring of strength (right hand)
 F - an uncursed ring of flight
 P - the ring "Tesi" {MP+9 Int+6}
   (You found it in the Dungeon)

   [ring of magical power]

   It affects your intelligence (+6).
   It affects your magic capacity (+9).
Wands
 G - a wand of disintegration (7/24)
 H - a wand of iceblast (5/15)
 I - a wand of lightning (5/15)
 J - a wand of acid (5/15)
 O - a wand of hasting (3/9)
Scrolls
 k - 4 scrolls of blinking
 r - 4 scrolls of amnesia
 s - 3 scrolls of recharging
 t - 7 scrolls of fog
 u - 5 scrolls of identify
 v - 5 scrolls of remove curse
 w - 2 scrolls of fear
 Q - 4 scrolls of enchant weapon
Potions
 e - 10 potions of curing
 g - 9 potions of heal wounds
 h - 6 potions of haste
 i - 7 potions of magic
 j - 3 potions of berserk rage
 l - 2 potions of brilliance
 m - 2 potions of invisibility
 n - 4 potions of resistance
 o - a potion of experience
 p - 5 potions of agility
 q - 5 potions of might
Books
 R - Cigotuvi's Collected Works on Mutagenic Unholy Rituals
   (You found it in the Dungeon)

   Spells                             Type                      Level
   a - Sublimation of Blood           Necromancy                   2
   b - Spider Form                    Transmutation/Poison         3
   c - Ice Form                       Ice/Transmutation            4
Comestibles
 f - 5 bread rations
 x - 42 fruits
 z - 4 meat rations


   Skills:
 - Level 2.0 Fighting
 * Level 11.4 Staves
 - Level 1.7 Throwing
 + Level 7.9 Armour
 + Level 8.4 Dodging


You had 6 spell levels left.
You didn't know any spells.

Dungeon Overview and Level Annotations

Branches:
Dungeon (1/1)

Altars:
Ashenzari
Cheibriados
Dithmenos
Elyvilon
Fedhas
Gozag
Hepliaklqana
Kikubaaqudgha
Makhleb
Nemelex Xobeh
Okawaru
Qazlal
Ru
Sif Muna
Trog
Uskayaw
Vehumet
Xom
Yredelemnul
Zin
The Shining One
Beogh
Jiyva
Lugonu


Innate Abilities, Weirdness & Mutations

You have a pair of horns on your head.
You are partially covered in iridescent scales. (AC +2)
You are significantly more attuned to the shadows.
You are partially covered in sharp spines.


Message History

You slip further into the darkness.
You feel a bit more experienced. The deep elf knight closely misses you.
The battleaxe of flaming hits you.
* * * LOW HITPOINT WARNING * * *
The battleaxe of flaming burns you.
* * * LOW HITPOINT WARNING * * *
The deep elf knight is struck by your spines.
The deep elf knight hits you but does no damage.
The crocodile is struck by your spines. The crocodile misses you.
The battleaxe of flaming hits you.
* * * LOW HITPOINT WARNING * * *
The battleaxe of flaming burns you.
* * * LOW HITPOINT WARNING * * *
Unknown command.
You feel much better.
The deep elf knight hits you with a long sword.
The crocodile bites you but does no damage.
The battleaxe of flaming hits you!!
Ouch! That really hurt!
You die...

▓..†..▓.....▓.....▓
▓.....▓.....▓▓▓▓▓▓▓
▓▓▓▓▓▓▓▓▓▓▓▓▓▓
▓..8©8...▓
▓..}.:...▓
▓...|....▓
▓........▓
▓..t(e...▓
▓.▓.@..▓.▓
▓........▓
▓▓▓▓▓▓▓▓▓▓


You could see a deep elf knight, a crocodile shaped shifter and a battleaxe of
flaming.

Vanquished Creatures
  A deep elf knight (D)
  A phantom (D)
  2 necrophages (D)
  An adder (D)
  2 bat skeletons (D)
  A bat zombie (D)
  A ball python (D)
9 creatures vanquished.

Vanquished Creatures (collateral kills)
  A water moccasin (D)
1 creature vanquished.

Grand Total: 10 creatures vanquished

Notes
Turn   | Place    | Note
-------+----------+-------------------------------------------
     0 | D        | KingBobo974 the Demonspawn Gladiator began the quest for the Orb.
     0 | D        | Reached XP level 1. HP: 16/16 MP: 1/1
     2 | D        | Found a blossoming altar of Fedhas.
     5 | D        | Found a deep blue altar of Sif Muna.
     5 | D        | Found a sacrificial altar of Ru.
     5 | D        | Found a bloodstained altar of Trog.
     5 | D        | Found a stormy altar of Qazlal.
     5 | D        | Found an iron altar of Okawaru.
     5 | D        | Found a sparkling altar of Nemelex Xobeh.
     7 | D        | Found an ancient bone altar of Kikubaaqudgha.
     7 | D        | Found a viscous altar of Jiyva.
     7 | D        | Found a corrupted altar of Lugonu.
     7 | D        | Found a hazy altar of Hepliaklqana.
     7 | D        | Found a burning altar of Makhleb.
     7 | D        | Found an opulent altar of Gozag.
    57 | D        | Became a worshipper of Warmaster Okawaru
    67 | D        | Entered arena 1.
    67 | D        | Noticed a necrophage
    72 | D        | Killed a necrophage
    72 | D        | Reached * piety under Okawaru
    72 | D        | Reached skill level 6 in Staves
    72 | D        | Gained mutation: You are partially covered in iridescent scales. (AC +2) [demonic ancestry]
    72 | D        | Reached XP level 2. HP: 21/22 MP: 2/2
    72 | D        | Gained mutation: You have a pair of small horns on your head. [demonic ancestry]
    72 | D        | Reached XP level 3. HP: 26/27 MP: 3/3
    72 | D        | Gained mutation: You are slightly more attuned to the shadows. [demonic ancestry]
    72 | D        | Reached XP level 4. HP: 32/33 MP: 4/4
    84 | D        | Entered arena 2.
    84 | D        | Noticed a water moccasin
    89 | D        | Killed a water moccasin
    89 | D        | Reached ** piety under Okawaru
    89 | D        | Reached skill level 7 in Staves
    89 | D        | Reached skill level 5 in Armour
    89 | D        | Reached skill level 5 in Dodging
    89 | D        | Gained mutation: You are partially covered in sharp spines. [demonic ancestry]
    89 | D        | Reached XP level 5. HP: 34/38 MP: 5/5
    95 | D        | Got the ring "Tesi" {MP+9 Int+6}
   100 | D        | Entered arena 3.
   100 | D        | Noticed a phantom
   100 | D        | Noticed a necrophage
   102 | D        | Reached skill level 8 in Staves
   105 | D        | Killed a necrophage
   105 | D        | Gained mutation: You have a pair of horns on your head. [demonic ancestry]
   105 | D        | Reached XP level 6. HP: 31/44 MP: 6/6
   113 | D        | Reached skill level 9 in Staves
   123 | D        | Identified Cigotuvi's Collected Works on Mutagenic Unholy Rituals (You found it in the Dungeon)
   125 | D        | Entered arena 4.
   125 | D        | Noticed a deep elf knight
   125 | D        | Noticed a deep elf knight
   125 | D        | Noticed a soldier ant
   125 | D        | Noticed a battleaxe of flaming
   127 | D        | a soldier ant changed into a crocodile
   130 | D        | Killed a deep elf knight
   130 | D        | Reached *** piety under Okawaru
   130 | D        | Reached **** piety under Okawaru
   130 | D        | Reached skill level 11 in Staves
   130 | D        | Gained mutation: You are significantly more attuned to the shadows. [demonic ancestry]
   130 | D        | Reached XP level 7. HP: 13/50 MP: 7/7
   131 | D        | Slain by a battleaxe of flaming

Skill      XL: |  1  2  3  4  5  6 |
---------------+-------------------+-----
Staves         | 6 7 8 11 | 11.4
Armour         | 3 5 7 |  7.9
Dodging        | 4 5 6 8 |  8.4
Fighting       | |  2.0
Throwing       | |  1.7

Action                   |  1- 3 |  4- 6 |  7- 9 || total
-------------------------+-------+-------+-------++-------
Melee: Scythe            |     5 |    23 |       ||    28
       Headbutt          |       |     3 |       ||     3
  Use: Potion            |       |       |     1 ||     1
Armor: Plate armour      |    15 |    37 |     2 ||    54
Dodge: Dodged            |    11 |    21 |     2 ||    34
